 Dungeon Crawl Stone Soup version 0.14.2 (webtiles) character file.

51 EmikaRules the Grave Robber (level 3, 17/17 HPs)
             Began as a Spriggan Necromancer on Oct 31, 2016.
             Quit the game in the Ecumenical Temple.
             The game lasted 00:05:22 (812 turns).

EmikaRules the Grave Robber (Spriggan Necromancer)   Turns: 812, Time: 00:05:22

HP  17/17        AC  7     Str  5      XL: 3   Next: 32%
MP  10/11        EV 18     Int 16      God:
Gold 10          SH  0     Dex 16      Spells:  2 memorised,  5 levels left

rFire  . . .     SeeInvis +     g - +0,+2 short sword (protect)
rCold  . . .     Clarity  .     a - +0 robe
rNeg   . . .     Conserve .     (shield restricted)
rPois  .         rCorr    .     (helmet restricted)
rElec  .         rRot     .     (no cloak)
SustAb . .       Spirit   .     (gloves unavailable)
rMut   .         Warding  .     (boots unavailable)
Saprov . . .     Stasis   .     (no amulet)
MR     .....                    (no ring)
                                j - ring of see invisible {unknown}

@: very quick, not resistant to hostile enchantments, stealthy
A: unfitting armour, see invisible, herbivore 3, speed 3, slow metabolism 2
a: no special abilities


You were in the Ecumenical Temple.
You were not hungry.

You visited 2 branches of the dungeon, and saw 5 of its levels.

You collected 38 gold pieces.
You spent 28 gold pieces at shops.

Inventory:

Hand weapons
 g - a +0,+2 short sword of protection (weapon)
Armour
 a - a +0 robe (worn)
Comestibles
 d - a lemon
 m - an apple
Scrolls
 h - a scroll of enchant armour {unknown}
 i - 2 scrolls of identify {unknown}
Jewellery
 j - a ring of see invisible (left hand) {unknown}
Potions
 c - a potion of porridge
 e - a potion of flight {unknown}
 f - 2 potions of agility {unknown}
 k - a potion of lignification {unknown}
 l - a potion of curing
Books
 b - a book of Necromancy

   Spells                             Type                      Level
   *Pain                              Necromancy                   1
   Animate Skeleton                   Necromancy                   1
   Lethal Infusion                    Charms/Necromancy            2
   Vampiric Draining                  Necromancy                   3
   *Regeneration                      Charms/Necromancy            3
   Animate Dead                       Necromancy                   4
   Control Undead                     Necromancy                   4


   Skills:
 + Level 0.7 Fighting
 - Level 3.0 Dodging
 - Level 3.0 Stealth
 * Level 3.6 Spellcasting
 * Level 4.1 Necromancy


You had 5 spell levels left.
You knew the following spells:

 Your Spells              Type           Power        Failure   Level  Hunger
a - Pain                  Necr           ###.         3%          1    None
r - Regeneration          Chrm/Necr      #.........   28%         3    ###....


Dungeon Overview and Level Annotations

Branches:
Dungeon (4/15)             Temple (1/1) D:4

Altars:
Cheibriados
Dithmenos
Fedhas
Makhleb
Nemelex Xobeh
Trog
Vehumet
Zin

Shops:
D:4 *


Innate Abilities, Weirdness & Mutations

You are tiny and cannot use many weapons and most armour.
You have supernaturally acute eyesight.
You are a herbivore.
You cover ground extremely quickly.
You need consume almost no food.


Message History

Found a bloodstained altar of Trog.
There is an open door here.
There is an open door here.
You open the door.
Found a blossoming altar of Fedhas.
There is an open door here.
There is an open door here.
You open the door.
Found a burning altar of Makhleb.
As you open the door, it creaks loudly!
Found a radiant altar of Vehumet.
There is an open door here.
Eat which item? (? for menu, Esc to quit)
You don't have any such object.
Eat which item? (? for menu, Esc to quit)
Huh?
Eat which item? (? for menu, Esc to quit)
Okay, then.
Unknown command.
Are you sure you want to abandon this character and quit the game? (Confirm with "yes".)

..######
######.......##
..##...##
##...##.......8#
..#.....#
#.....#.......##
..'.._..#
#.._..'.......8#
..#.....#
#.....#.......##
..##...##
##...##.......8#
..######
######.......##
..##...##
##...##.......8#
..#.....#
#....@#.......##
..'.._..#
#.._..'.......8#
..#.....#
#.....#.......##
..##...##
##...##.......8#
..######
######.......##
..##...##
##...##.......8#
..#.....#
#.....#.......##
..'.._..#
#.._..'.......8#
..#.....#
#.....#.......##


There were no monsters in sight!

Vanquished Creatures
  2 adders
  2 giant cockroaches
  2 goblins
  4 hobgoblins
  4 kobolds
  A quokka (D:4)
  2 bats (D:2)
  5 rats
22 creatures vanquished.

Notes
Turn   | Place    | Note
--------------------------------------------------------------
     0 | D:1      | EmikaRules, the Spriggan Necromancer, began the quest for the Orb.
     0 | D:1      | Reached XP level 1. HP: 9/9 MP: 4/4
   252 | D:1      | Reached XP level 2. HP: 2/13 MP: 0/8
   533 | D:3      | Reached skill level 4 in Necromancy
   533 | D:3      | Reached XP level 3. HP: 3/17 MP: 8/11
   538 | D:3      | Learned a level 3 spell: Regeneration
   599 | D:4      | Found Muwaim's General Store.
   633 | D:4      | Bought a potion of curing for 28 gold pieces
   691 | D:4      | Found a staircase to the Ecumenical Temple.
   701 | Temple   | Entered the Ecumenical Temple
   812 | Temple   | Quit the game

Action                   || total
-------------------------++-------
Melee: Short sword       ||     6
 Cast: Pain              ||    40
       Regeneration      ||     3
 Stab: Sleeping          ||     2
